Map: Acropolis LE

Players

Lambo

  • Race: Zerg Zerg
  • League: Master
  • Spawn Location: 11:00

GOReynor (Reynor) - Winner!

  • Race: Zerg Zerg
  • League: Master
  • Spawn Location: 5:00

Event: QLASH StarCraft II Invitational 2 Offline Finals

VOD

Have the link to the VOD?

Description

Time

  • Played on: July 27, 2019, 2:29 p.m.
  • Length: 12:34

All games in this series

Show
View Real Time Build Order
Export as new Build Order

Lambo Zerg 

Build Orders: Hatch First 

Get SALT Encoding   

  12  0:00  Drone  
  13  0:12  Overlord  
  13  0:16  Drone  
  14  0:30  Drone x2  
  16  0:47  Hatchery  
  15  0:51  Drone  
  15  0:54  Drone  
  17  0:57  Drone  
  18  1:08  Extractor  
  17  1:13  Spawning Pool  
  17  1:17  Drone  
  17  1:19  Drone  
  18  1:27  Drone  
  19  1:38  Drone  
  20  1:49  Drone  
  21  1:59  Queen x2  
  21  2:00  Overlord, Zergling x2  
  26  2:09  Metabolic Boost  
  26  2:10  Drone x2  
  28  2:21  Drone  
  28  2:22  Drone  
  30  2:32  Hatchery  
  30  2:33  Drone  
  30  2:37  Drone  
  30  2:43  Drone  
  32  2:46  Baneling Nest  
  32  2:49  Overlord  
  31  2:52  Zergling x2  
  31  2:56  Zergling x2  
  33  3:07  Drone  
  33  3:09  Drone x2  
  33  3:10  Drone x2  
  33  3:11  Zergling x2  
  39  3:13  Drone  
  39  3:15  Overlord, Evolution Chamber  
  39  3:24  Drone x2  
  41  3:30  Drone  
  41  3:32  Drone  
  42  3:36  Queen  
  42  3:38  Drone x2  
  42  3:40  Drone x3  
  49  3:44  Zerg Missile Weapons Level 1  
  49  3:48  Overlord  
  49  3:50  Drone  
  49  3:53  Drone  
  51  3:57  Overlord  
  51  4:00  Drone x2  
  53  4:06  Extractor  
  53  4:07  Baneling  
  53  4:08  Baneling, Zergling x4, Extractor  
  53  4:09  Zergling x2  
  54  4:12  Drone x3  
  54  4:14  Drone x2  
  59  4:18  Drone x2  
  61  4:24  Queen  
  61  4:27  Drone x3  
  61  4:29  Lair  
  63  4:32  Drone x2  
  63  4:37  Zergling x2  
  66  4:40  Drone x2  
  66  4:45  Drone x2  
  70  4:47  Drone x3  
  70  4:48  Overlord  
  70  4:49  Pneumatized Carapace  
  70  4:51  Overlord  
  70  4:52  Extractor  
  72  4:55  Overlord  
  72  4:56  Drone  
  73  5:03  Extractor  
  73  5:05  Drone x2, Extractor  
  73  5:10  Overlord  
  73  5:11  Drone x2  
  73  5:13  Drone x2  
  77  5:14  Hatchery  
  77  5:18  Drone x2  
  78  5:27  Drone  
  79  5:30  Overseer  
  79  5:32  Evolution Chamber  
  79  5:33  Overlord  
  77  5:37  Overlord  
  77  5:38  Zergling x2  
  77  5:39  Roach Warren, Zergling x16  
  85  5:46  Overlord  
  85  5:48  Overseer  
  85  5:51  Overseer, Overlord  
  85  5:53  Overseer  
  83  6:06  Zerg Missile Weapons Level 2  
  83  6:07  Drone x4  
  83  6:08  Drone x2  
  83  6:09  Zerg Ground Armor Level 1  
  87  6:21  Roach x9  
  105  6:26  Roach  
  105  6:31  Roach x2  
  108  6:37  Roach x6  
  120  6:44  Glial Reconstitution, Roach x6  
  120  6:46  Hatchery  
  129  6:55  Roach x3  
  129  6:57  Ravager x3  
  136  7:09  Overlord x3  
  136  7:11  Overlord  
  136  7:14  Overlord  
  136  7:15  Overlord x3  
  136  7:17  Ravager  
  137  7:25  Overlord  
  137  7:28  Overlord  
  137  7:33  Overlord x2  
  137  7:34  Roach x5  
  137  7:35  Ravager x2  
  149  7:38  Roach x3  
  149  7:42  Roach x3  
  149  7:43  Roach x5  
  171  7:50  Overlord  
  171  7:51  Roach x2  
  175  8:12  Roach x11  
  192  8:17  Queen  
  192  8:24  Roach x5  
  198  8:29  Roach x3  
  198  8:33  Roach  
  194  8:42  Extractor  
  194  8:43  Zerg Ground Armor Level 2  
  194  8:44  Tunneling Claws, Overlord  
  194  8:45  Burrow  
  193  8:53  Roach x4  
  193  8:54  Overseer  
  198  9:00  Overseer  
  198  9:04  Roach x2  
  198  9:07  Roach  
  198  9:08  Roach x3  
  194  9:12  Roach x4  
  194  9:14  Roach x3  
  187  9:20  Roach x5  
  190  9:28  Roach x4  
  196  9:34  Ravager  
  196  9:35  Ravager x3  
  198  9:44  Roach  
  198  9:53  Roach x42  
  200  10:15  Roach  
  199  10:21  Roach x11  
  199  10:24  Roach x3  
  175  10:29  Roach  
  175  10:34  Roach  
  175  10:35  Roach x5  
  177  10:40  Overseer  
  161  10:44  Roach  
  161  10:45  Roach x3  
  143  10:50  Roach x2  
  143  10:54  Roach x2  
  143  10:56  Roach x25  
  146  10:58  Roach  
  146  10:59  Roach  
  143  11:16  Roach x10  
  143  11:17  Roach x34  
  163  11:20  Roach  
  163  11:22  Ravager x3  
  163  11:24  Ravager x2  
  168  11:26  Roach  
  168  11:27  Roach  
  172  11:33  Roach x3  
  172  11:38  Roach  
  180  11:41  Roach  
  180  11:46  Roach  
  184  11:50  Roach  
  184  11:51  Roach x2  
  184  12:03  Roach x4  
  162  12:09  Roach x2  
Show
View Real Time Build Order
Export as new Build Order

GOReynor Zerg - Winner!

Build Orders: Hatch First 

Get SALT Encoding   

  12  0:02  Drone  
  13  0:12  Overlord  
  13  0:16  Drone  
  14  0:31  Drone x2  
  16  0:48  Hatchery  
  15  0:50  Drone  
  15  0:55  Drone  
  17  0:57  Drone  
  18  1:08  Extractor  
  17  1:13  Spawning Pool  
  17  1:16  Drone  
  17  1:19  Drone  
  18  1:28  Drone  
  19  1:39  Drone  
  20  1:50  Overlord  
  20  2:00  Drone x2, Queen x2  
  26  2:11  Drone x2  
  26  2:12  Metabolic Boost  
  28  2:22  Drone, Zergling x2  
  30  2:32  Hatchery  
  30  2:35  Drone  
  30  2:37  Drone  
  30  2:44  Drone  
  32  2:47  Overlord  
  32  2:53  Baneling Nest  
  32  2:54  Drone x2  
  33  3:04  Zergling x2  
  33  3:05  Zergling x2  
  35  3:09  Overlord  
  35  3:10  Drone x3  
  35  3:11  Drone  
  39  3:14  Drone  
  40  3:20  Queen  
  40  3:22  Zergling x2  
  43  3:28  Evolution Chamber  
  43  3:29  Overlord  
  43  3:31  Drone  
  43  3:33  Drone  
  44  3:39  Baneling  
  44  3:41  Drone x2  
  44  3:45  Zergling x2  
  47  3:50  Drone x2  
  47  3:54  Drone x3  
  47  3:55  Zerg Missile Weapons Level 1  
  52  3:56  Drone  
  52  4:00  Drone  
  54  4:02  Overlord  
  54  4:07  Drone  
  55  4:11  Drone  
  55  4:13  Lair  
  55  4:15  Extractor  
  55  4:16  Extractor  
  54  4:18  Roach Warren  
  54  4:21  Drone x4  
  54  4:22  Drone  
  54  4:23  Drone  
  59  4:28  Overlord  
  59  4:31  Drone x4  
  57  4:32  Drone  
  57  4:33  Drone  
  57  4:35  Zergling x2  
  63  4:39  Zergling x4  
  63  4:43  Baneling x2  
  65  4:45  Overlord  
  65  4:47  Drone  
  65  4:51  Drone  
  67  4:55  Overlord  
  67  4:57  Drone x5  
  72  5:02  Extractor  
  72  5:03  Pneumatized Carapace, Extractor  
  72  5:04  Extractor  
  72  5:06  Overlord  
  70  5:07  Drone x5  
  70  5:10  Drone  
  70  5:13  Overseer  
  75  5:14  Drone x2  
  75  5:16  Glial Reconstitution  
  76  5:22  Drone x3  
  76  5:23  Drone  
  76  5:26  Hatchery  
  79  5:32  Roach x4  
  79  5:33  Roach  
  88  5:35  Overlord  
  88  5:42  Drone  
  89  5:45  Evolution Chamber  
  89  5:46  Roach x2  
  89  5:47  Roach x3  
  97  5:54  Overlord  
  97  6:05  Roach x8  
  111  6:13  Zerg Ground Armor Level 1  
  111  6:14  Roach  
  113  6:20  Roach x2  
  119  6:25  Roach  
  119  6:26  Roach  
  119  6:27  Overlord  
  119  6:30  Roach  
  121  6:33  Overlord  
  121  6:39  Overlord  
  121  6:42  Roach x3  
  127  6:47  Queen  
  127  6:50  Roach x3  
  127  6:51  Overlord  
  135  6:54  Drone x3  
  135  6:56  Zerg Missile Weapons Level 2  
  135  6:59  Drone x8  
  146  7:02  Roach  
  146  7:04  Queen  
  146  7:06  Roach  
  152  7:09  Overlord  
  152  7:11  Ravager  
  152  7:12  Ravager  
  152  7:13  Ravager x2, Extractor  
  155  7:16  Roach x2  
  155  7:18  Overlord  
  155  7:22  Roach, Spine Crawler  
  160  7:23  Roach, Spine Crawler  
  160  7:24  Overlord  
  160  7:26  Tunneling Claws, Burrow  
  159  7:30  Roach x2  
  159  7:31  Roach  
  159  7:35  Roach  
  167  7:39  Roach x4  
  175  7:45  Roach x3  
  175  7:46  Roach  
  175  7:50  Overlord  
  183  8:08  Zerg Ground Armor Level 2  
  183  8:11  Infestation Pit  
  182  8:16  Roach  
  182  8:17  Roach x5  
  192  8:21  Overlord x3  
  189  8:29  Roach x3  
  189  8:30  Roach  
  187  8:35  Roach x23  
  187  8:36  Roach x8, Overlord  
  187  8:40  Roach x6  
  199  8:48  Roach x4  
  199  8:50  Hive  
  199  8:57  Roach x8  
  183  9:11  Roach x10  
  183  9:15  Roach x5  
  183  9:16  Roach  
  194  9:18  Roach x5  
  194  9:19  Roach x18  
  184  9:26  Roach x6  
  184  9:27  Ravager x3  
  184  9:28  Roach x4  
  191  9:38  Ravager x2  
  191  9:42  Roach x3  
  197  9:54  Ravager x2  
  193  10:06  Spine Crawler, Extractor  
  191  10:08  Spine Crawler  
  191  10:10  Overseer, Roach x5  
  196  10:15  Roach x3  
  196  10:19  Roach x13  
  191  10:21  Roach x3  
  191  10:23  Roach x2  
  191  10:24  Queen x2  
  177  10:30  Roach x2  
  177  10:34  Roach x4  
  174  10:36  Roach  
  174  10:37  Roach x3  
  174  10:38  Roach  
  174  10:41  Roach x5  
  160  10:46  Roach x3  
  153  10:52  Roach  
  149  11:05  Roach  
  149  11:06  Roach x7  
  163  11:13  Drone x6  
  163  11:17  Drone  
  168  11:20  Roach, Zergling x2  
  168  11:23  Roach  
  168  11:25  Ravager x2  
  173  11:30  Roach x2  
  173  11:31  Overseer  
  177  11:34  Roach x2  
  177  11:36  Roach  
  183  11:42  Roach x4  
  183  11:43  Roach, Overlord  
  183  11:45  Roach x2  
  197  11:50  Roach  
  197  11:52  Overlord  
  190  12:01  Roach  
  190  12:02  Roach x4  
  190  12:06  Roach  
  190  12:07  Roach x3  
  186  12:13  Roach  
  186  12:14  Roach  
Tags
 
Add a new tag
Caveats
  • Supply blocks, unpowered buildings, or Contaminate may cause inaccurate times.
  • Supply counts are checked every 10 seconds.